 Dungeon Crawl Stone Soup version 0.18.1-48-g4cf74bf (webtiles) character file.

166736 Heedrag the Devastator (level 17, -6/104 HPs)
             Began as a Deep Elf Conjurer on Aug 28, 2016.
             Was the Champion of Vehumet.
             Killed from afar by a starcursed mass (12 damage)
             ... with an accursed screaming
             ... on level 2 of the Abyss.
             The game lasted 02:28:05 (35903 turns).

Heedrag the Devastator (Deep Elf Conjurer)         Turns: 35903, Time: 02:28:06

Health: -6/104     AC: 12    Str:  8    XL:     17   Next: 30%
Magic:  24/48      EV: 24    Int: 25    God:    Vehumet [******]
Gold:   3405       SH:  7    Dex: 21    Spells: 10 memorised, 9 levels left

rFire  . . .     SeeInvis +     M - +0 mace (protect)
rCold  . . .     Gourm    .     Y - +2 robe {Archmagi}
rNeg   . . .     Faith    .     Z - +1 buckler
rPois  .         Spirit   .     (helmet restricted)
rElec  .         Dismiss  .     B - +0 cloak
rCorr  +         Reflect  .     (no gloves)
SustAt .         Harm     .     g - +1 pair of boots {Stlth+}
MR     +....                    u - amulet of magic regeneration
Stlth  +++++.....               O - ring "Nuockets" {rCorr +Inv MP+9 Dex+4 Stlth+}
                                U - ring of see invisible

@: delayed fireball, somewhat resistant to hostile enchantments, quite stealthy
A: fangs 1, horns 1, thin skeletal structure 1, regeneration 1, wild magic 1
a: Renounce Religion, Release Delayed Fireball, Evoke Invisibility


You were on level 2 of the Abyss.
You worshipped Vehumet.
Vehumet was exalted by your worship.
You were not hungry.

You visited 5 branches of the dungeon, and saw 28 of its levels.
You visited the Abyss 1 time.
You also visited: Ice Cave.

You collected 3405 gold pieces.

Inventory:

Hand Weapons
 L - the +7 halberd of Heedrag's Sudden Death {venom, +Inv rF++ Int+2 Dex-3}
   (You found it in an ice cave)

   It poisons the flesh of those it strikes.
   It affects your intelligence (+2).
   It affects your dexterity (-3).
   It greatly protects you from fire.
   It lets you turn invisible.
 M - a +0 mace of protection (weapon)
 T - a +5 scimitar of flaming
Armour
 e - a +0 troll leather armour
 g - a +1 pair of boots of stealth (worn)
 y - the +2 leather armour "Xiatibyh" {rElec}
   (You found it on level 5 of the Dungeon)

   It insulates you from electricity.
 B - a +0 cloak (worn)
 K - a +0 animal skin of cold resistance
 Y - a +2 robe of the Archmagi (worn)
 Z - a +1 buckler (worn)
Magical Staves
 D - an uncursed staff of death
Jewellery
 f - an uncursed ring of resist corrosion
 u - an amulet of magic regeneration (around neck)
 z - an uncursed ring of positive energy
 A - a +3 amulet of reflection
 O - the ring "Nuockets" (right hand) {rCorr +Inv MP+9 Dex+4 Stlth+}
   (You found it on level 14 of the Dungeon)

   [ring of resist corrosion]

   It affects your dexterity (+4).
   It affects your magic capacity (+9).
   It lets you turn invisible.
   It makes you more stealthy.
 U - a ring of see invisible (left hand)
Wands
 o - a wand of digging (13/24)
 w - a wand of iceblast (8/15)
 N - a wand of iceblast (5/15)
 X - a wand of teleportation (7/9)
Scrolls
 b - 3 scrolls of fear
 d - 9 scrolls of teleportation
 h - 16 scrolls of identify
 i - a scroll of summoning {unknown}
 j - a scroll of amnesia
 k - 11 scrolls of remove curse
 p - 4 scrolls of magic mapping
 s - 4 scrolls of fog
Potions
 t - 2 potions of haste
 C - 2 potions of magic
 F - 7 potions of flight
 Q - 2 potions of brilliance
 R - 4 potions of heal wounds
 V - 10 potions of curing
Comestibles
 c - 7 bread rations
 n - 53 fruits
 q - 8 meat rations
 x - a royal jelly


   Skills:
 * Level 11.5 Fighting
 + Level 12.6 Dodging
 - Level 2.4 Stealth
 - Level 4.0 Shields
 + Level 16.1 Spellcasting
 * Level 19.3 Conjurations
 - Level 10.2 Charms
 + Level 7.3 Summonings
 - Level 10.0 Fire Magic
 - Level 6.3 Evocations


You had 9 spell levels left.
You knew the following spells:

 Your Spells              Type           Power        Failure   Level  Hunger
a - Magic Dart            Conj           ####         1%          1    None
b - Iskenderun's Mystic   Conj           ########     1%          4    None
c - Iskenderun's Battles  Conj/Chrm      ########     1%          5    None
d - Delayed Fireball      Conj/Fire      N/A          3%          7    #####..
e - Swiftness             Chrm/Air       ######..     1%          2    None
f - Fireball              Conj/Fire      ########..   1%          5    None
g - Bolt of Fire          Conj/Fire      ########..   1%          6    ####...
h - Freezing Cloud        Conj/Ice/Air   #######...   13%         6    ####...
i - Summon Butterflies    Summ           #######.     1%          1    None
j - Spellforged Servitor  Conj/Summ      ########..   4%          7    #####..


Dungeon Overview and Level Annotations

Branches:
Dungeon (15/15)            Temple (1/1) D:6            Lair (8/8) D:10
  Swamp (0/4) Lair:5        Snake (0/4) Lair:5        Slime (0/6) Lair:6
    Orc (2/2) D:11            Elf (2/3) Orc:2        Vaults (0/5) D:14
 Depths (0/5) D:15

Altars:
Ashenzari
Cheibriados
Dithmenos
Elyvilon
Fedhas
Gozag
Kikubaaqudgha
Makhleb
Nemelex Xobeh
Okawaru
Pakellas
Qazlal
Ru
Sif Muna
Trog
Vehumet
Xom
Yredelemnul
Zin
The Shining One
Jiyva

Shops:
D:12 ?   Orc:2 *=([*

Annotations:
Lair:6 1 runed door


Innate Abilities, Weirdness & Mutations

You have very sharp teeth.
You have a pair of small horns on your head.
You have a somewhat thin skeletal structure (Dex +2, Stealth).
Your natural rate of healing is unusually fast.
Your spells are a little harder to cast, but a little more powerful.


Message History

Ye feel much better.
Ye block tha starcursed mass's attack.
Tha starcursed mass 'ngulfs yer battlesphere!
Tha starcursed mass 'ngulfs ye!
* * * LOW HITPOINT WARNIN'
* * * Tha starcursed mass 'ngulfs yer battlesphere!
Yer battlesphere be destroyed!
Tha starcursed mass 'ngulfs ye but does nay damage.
Tha starcursed mass completely misses ye.
Tha starcursed mass misses ye.
A cacophony o' accursed wailin' tears at yer sanity!
* * * LOW HITPOINT WARNIN'
* * * Ye sudd'nly lose tha ability ta move!
A starcursed mass splits.
Tha starcursed mass 'ngulfs ye but does nay damage.
Tha starcursed mass 'ngulfs ye!
* * * LOW HITPOINT WARNIN'
* * * A starcursed mass splits.
Ye can move again.
A deafenin' chorus o' shrieks assaults yer mind!
Ye die...

#.#X. . #
......XX ##.#
## ## #.##)##
# . # #.X.#X##
..# # #...
#.### #
####.X#. 4 ..#
#.X.#. ###..
#..# #.###.##
)#... ..
#XX@#..#.###..
. #XX###. .
#X#XX##.# #
#.##X.... .
####.X...#.#
#ยง.#.#. #
#.##..# ... #
# #...#....


You could see 5 starcursed masses.

Vanquished Creatures
  A sphinx (D:14)
  A storm dragon (D:14)
  A tengu reaver (D:14)
  A frost giant (IceCv)
  Maud (Lair:7)
  A balrug (Abyss:2)
  An orc warlord (Orc:2)
  Louise (D:14)
  A very ugly thing (D:13)
  A deep elf elementalist (Elf:1)
  A starcursed mass (Abyss:2)
  A deep elf demonologist (Elf:2)
  A lorocyproca (Abyss:2)
  Snorg (Lair:7)
  Josephine (Lair:8)
  2 rakshasas
  Erica (D:8)
  3 hydras
  A catoblepas (Lair:5)
  A death knight (D:15)
  An ogre mage (D:14)
  A centaur warrior (D:13)
  The ghost of kraktruk the Basher, a journeyman GrGl (D:11)
  7 dancing weapons
  5 death yaks (Lair:8)
  A hell hog (Abyss:2)
  2 tengu warriors
  A queen ant (Lair:2)
  A thrashing horror (Abyss:2)
  5 orc high priests
  A deep troll earth mage (D:14)
  3 deep elf knights
  A fire crab (Lair:8)
  A soul eater (Abyss:2)
  4 skeletal warriors (D:15)
  4 unseen horrors
  An obsidian statue (D:12)
  11 hill giants
  Pikel (D:7)
  A necromancer (Lair:6)
  3 deep elf archers (Elf:1)
  5 orc knights
  An orange crystal statue (D:12)
  An orb spider (shapeshifter) (Elf:1)
  7 orc sorcerers (Orc:2)
  34 deep elf magi
  A griffon (Lair:7)
  12 ugly things
  6 cyclopes
  A manticore (D:14)
  A worldbinder (Abyss:2)
  6 elephants
  3 centaur zombies
  7 black mambas
  An ice statue (IceCv)
  An eye of devastation (Abyss:2)
  A smoke demon (Abyss:2)
  3 gargoyles
  An orange demon (Abyss:2)
  13 spiny frogs
  2 torpor snails
  A komodo dragon (shapeshifter) (D:15)
  2 kobold demonologists (D:15)
  3 hellwings (Abyss:2)
  13 komodo dragons
  A rime drake (Lair:7)
  2 freezing wraiths
  3 spriggan druids
  10 trolls
  3 red devils (Abyss:2)
  3 tengu conjurers
  A jumping spider (shapeshifter) (D:15)
  5 large abominations (Abyss:2)
  26 polar bears
  A raiju (shapeshifter) (D:15)
  45 blink frogs
  A wind drake (shapeshifter) (D:15)
  A hornet zombie (D:14)
  2 two-headed ogres
  A wolf spider simulacrum (D:15)
  4 air elementals (Elf:1)
  10 slime creatures
  7 raiju (Abyss:2)
  6 small abominations (Abyss:2)
  6 redbacks (Lair:8)
  A flying skull (Abyss:2)
  5 vampires
  2 water elementals
  36 yaks
  10 wraiths
  3 shadows
  10 spriggans (Lair:8)
  2 wyverns
  A ynoxinul (Abyss:2)
  A black mamba skeleton (Abyss:2)
  A fire elemental (Elf:1)
  8 hippogriffs
  3 basilisks
  Eustachio (D:6)
  6 vampire mosquitoes
  Grum (D:8)
  2 neqoxecs (Abyss:2)
  5 hungry ghosts
  4 wargs
  A mottled dragon (D:11)
  Menkaure (D:6)
  4 nagas (Lair:5)
  4 swamp worms (Lair:5)
  15 soldier ants (Lair:2)
  38 orc warriors
  15 water moccasins
  13 porcupines
  9 sky beasts
  3 eyes of draining
  3 slaves (D:7)
  13 black bears
  The ghost of hannobal the Cudgeler, an amateur MiCK of Xom (D:3)
  16 ice beasts
  13 ogres
  4 wasps
  3 boggarts (D:15)
  48 wolves
  7 centaurs
  12 crocodiles
  3 big kobolds
  2 earth elementals (Elf:2)
  11 giant frogs
  Blork the orc (D:5)
  6 scorpions
  A wyvern skeleton (D:14)
  24 killer bees
  14 wights
  7 howler monkeys
  7 electric eels
  A wyvern simulacrum (D:14)
  5 crimson imps
  A giant frog zombie (D:13)
  2 quasits
  3 giant frog skeletons
  5 hounds
  4 jellies
  13 orc priests
  7 centaur skeletons
  2 iron imps (Abyss:2)
  11 iguanas
  25 orc wizards
  7 hell rats (Lair:8)
  47 worker ants
  2 polar bear simulacra (Lair:6)
  A wolf simulacrum (Lair:6)
  4 yak simulacra (Lair:6)
  25 sheep
  A centaur simulacrum (D:9)
  A hound zombie (D:8)
  A hound skeleton (D:11)
  11 adders
  A howler monkey skeleton (D:4)
  41 river rats
  7 shadow imps
  4 white imps
  A howler monkey simulacrum (D:9)
  3 ufetubi
  An ooze (D:5)
  A worm (D:5)
  2 dart slugs (D:1)
  2 adder simulacra (D:9)
  7 giant geckos
  94 orcs
  7 giant cockroaches
  10 goblins
  4 hobgoblins
  6 jackals
  16 kobolds
  9 quokkas
  A ball python (D:5)
  17 bats
  4 giant newts
  A jackal zombie (D:8)
  A quokka zombie (D:9)
  9 rats
  4 river rat simulacra (Lair:6)
  6 fungi
  3 plants
1185 creatures vanquished.

Vanquished Creatures (others)
  A sky beast (D:7)
  A howler monkey (D:7)
  An orc (D:13)
  A giant cockroach (D:7)
  2 bushes (Lair:8)
  42 fungi
  11 plants
59 creatures vanquished.

Grand Total: 1244 creatures vanquished

Notes
Turn   | Place    | Note
--------------------------------------------------------------
     0 | D:1      | Heedrag the Deep Elf Conjurer began the quest for the Orb.
     0 | D:1      | Reached XP level 1. HP: 10/10 MP: 6/6
   445 | D:1      | Reached XP level 2. HP: 15/15 MP: 5/8
   658 | D:1      | Reached skill level 5 in Conjurations
  1014 | D:2      | Found a faded altar to an unknown god.
  1016 | D:2      | Reached XP level 3. HP: 19/19 MP: 6/10
  1262 | D:2      | Found a sparkling altar of Nemelex Xobeh.
  1850 | D:3      | Noticed hannobal's ghost (amateur MiCK)
  1859 | D:4      | Reached XP level 4. HP: 24/24 MP: 7/12
  1986 | D:4      | Learned a level 4 spell: Iskenderun's Mystic Blast
  2154 | D:4      | Found an opulent altar of Gozag.
  2155 | D:4      | Found a glowing silver altar of Zin.
  2170 | D:4      | Found a stormy altar of Qazlal.
  2171 | D:4      | Found a blossoming altar of Fedhas.
  2298 | D:4      | Reached skill level 6 in Conjurations
  2655 | D:4      | Reached XP level 5. HP: 19/28 MP: 4/14
  2664 | D:4      | Learned a level 5 spell: Iskenderun's Battlesphere
  2766 | D:4      | Found a glowing golden altar of the Shining One.
  3035 | D:4      | Found an iron altar of Okawaru.
  3035 | D:4      | Found a basalt altar of Yredelemnul.
  3156 | D:4      | Reached skill level 1 in Charms
  3209 | D:5      | Entered Level 5 of the Dungeon
  3324 | D:5      | Noticed a hungry ghost
  3403 | D:5      | Found Woofo's Armour Emporium.
  3490 | D:5      | Reached skill level 5 in Spellcasting
  3541 | D:5      | Reached skill level 7 in Conjurations
  3541 | D:5      | Reached XP level 6. HP: 32/32 MP: 10/15
  3636 | D:5      | Noticed Blork the orc
  3982 | D:5      | Killed Blork the orc
  4480 | D:5      | Found a basalt altar of Yredelemnul.
  4623 | D:5      | Reached XP level 7. HP: 36/36 MP: 9/17
  4635 | D:5      | Got a faintly glowing leather armour
  4636 | D:5      | Identified the +2 leather armour "Xiatibyh" {rElec} (You found it on level 5 of the Dungeon)
  4751 | D:5      | Killed a hungry ghost
  4751 | D:5      | Reached skill level 8 in Conjurations
  4877 | D:3      | Killed hannobal's ghost
  5304 | D:3      | Found a white marble altar of Elyvilon.
  5409 | D:3      | Reached skill level 5 in Charms
  5510 | D:6      | Noticed Eustachio
  5517 | D:6      | Killed Eustachio
  5593 | D:6      | Reached XP level 8. HP: 41/41 MP: 15/20
  5693 | D:6      | Reached skill level 9 in Conjurations
  5707 | D:6      | Found a sparkling altar of Nemelex Xobeh.
  5741 | D:6      | Noticed Menkaure
  5746 | D:6      | Killed Menkaure
  5783 | D:6      | Found a staircase to the Ecumenical Temple.
  5849 | Temple   | Entered the Ecumenical Temple
  6154 | D:6      | Found a deep blue altar of Sif Muna.
  6163 | D:6      | Identified Sif Muna's Guide on Companions
  6184 | D:6      | Found an ancient bone altar of Kikubaaqudgha.
  6194 | D:6      | Found a radiant altar of Vehumet.
  6202 | D:6      | Became a worshipper of Vehumet
  6571 | D:7      | Reached skill level 10 in Conjurations
  6602 | D:7      | Reached XP level 9. HP: 45/45 MP: 3/23
  6789 | D:7      | Reached * piety under Vehumet
  6789 | D:7      | Offered knowledge of Sting by Vehumet.
  6981 | D:7      | Reached skill level 11 in Conjurations
  7038 | D:7      | Gained mutation: Your spells are a little easier to cast, but a little less powerful. [mutagenic meat]
  7039 | D:7      | Gained mutation: You are weak. (Str -2) [mutagenic meat]
  7087 | D:7      | Noticed Pikel
  7288 | D:7      | Killed Pikel
  7841 | D:8      | Found a shimmering altar of Xom.
  7992 | D:8      | Reached skill level 1 in Fighting
  8314 | D:8      | Noticed Grum
  8321 | D:8      | Killed Grum
  8321 | D:8      | Reached XP level 10. HP: 13/52 MP: 5/25
  8730 | D:8      | Offered knowledge of Flame Tongue by Vehumet.
  8742 | D:8      | Learned a level 1 spell: Flame Tongue
  8799 | D:8      | Reached ** piety under Vehumet
  8809 | D:8      | Noticed Erica
  8873 | D:8      | Killed Erica
  8873 | D:8      | Reached skill level 12 in Conjurations
  8873 | D:8      | Reached skill level 1 in Fire Magic
  9498 | D:9      | Noticed a death yak
  9591 | D:9      | Reached skill level 10 in Spellcasting
  9592 | D:9      | Reached skill level 10 in Charms
 10018 | D:9      | Offered knowledge of Throw Frost by Vehumet.
 10119 | D:9      | Learned a level 2 spell: Swiftness
 10239 | D:9      | Found a stormy altar of Qazlal.
 10446 | D:9      | Reached skill level 5 in Dodging
 10600 | D:9      | Reached *** piety under Vehumet
 10610 | D:9      | Gained mutation: Scrolls take you a little longer to read. [mutagenic meat]
 10611 | D:9      | Gained mutation: Scrolls take you longer to read. [mutagenic meat]
 10612 | D:9      | Gained mutation: Your spells are easier to cast, but less powerful. [mutagenic meat]
 10613 | D:9      | Gained mutation: You are frail (-10% HP). [mutagenic meat]
 10614 | D:9      | Lost mutation: You are frail (-10% HP). [mutagenic meat]
 10615 | D:9      | Lost mutation: Scrolls take you longer to read. [potion of cure mutation]
 10615 | D:9      | Lost mutation: Scrolls take you a little longer to read. [potion of cure mutation]
 10615 | D:9      | Lost mutation: Your spells are easier to cast, but less powerful. [potion of cure mutation]
 10615 | D:9      | Lost mutation: You are weak. (Str -2) [potion of cure mutation]
 10615 | D:9      | Lost mutation: Your spells are a little easier to cast, but a little less powerful. [potion of cure mutation]
 11195 | D:10     | Entered Level 10 of the Dungeon
 11222 | D:10     | Offered knowledge of Static Discharge by Vehumet.
 11482 | D:10     | Reached XP level 11. HP: 60/60 MP: 17/27
 11627 | D:10     | Found a staircase to the Lair.
 11640 | Lair:1   | Entered Level 1 of the Lair of Beasts
 11656 | Lair:1   | Reached **** piety under Vehumet
 11749 | Lair:1   | Offered knowledge of Lightning Bolt by Vehumet.
 11749 | Lair:1   | Reached skill level 13 in Conjurations
 11782 | Lair:1   | Gained mutation: Your natural rate of healing is unusually fast. [potion of mutation]
 11782 | Lair:1   | Gained mutation: You have a pair of small horns on your head. [potion of mutation]
 11782 | Lair:1   | Gained mutation: Your body sometimes deteriorates upon taking damage. [potion of mutation]
 12663 | Lair:1   | Reached skill level 5 in Fire Magic
 13672 | Lair:2   | Reached ***** piety under Vehumet
 13762 | Lair:2   | Offered knowledge of Fireball by Vehumet.
 13762 | Lair:2   | Reached skill level 14 in Conjurations
 14127 | Lair:2   | Reached XP level 12. HP: 53/67 MP: 26/29
 14388 | Lair:2   | Learned a level 5 spell: Fireball
 14447 | Lair:2   | Noticed a queen ant
 14449 | Lair:2   | Killed a queen ant
 14449 | Lair:2   | Reached skill level 5 in Fighting
 14698 | Lair:2   | Reached skill level 1 in Shields
 15887 | Lair:4   | Offered knowledge of Orb of Destruction by Vehumet.
 16040 | Lair:4   | Reached skill level 15 in Conjurations
 16202 | Lair:4   | Got a scorched spear
 16203 | Lair:4   | Identified the +5 spear of Kererhic {pierce, *Confuse +Blink Str+4} (You found it on level 4 of the Lair of Beasts)
 16940 | Lair:5   | Reached XP level 13. HP: 73/73 MP: 21/31
 16951 | Lair:5   | Found a staircase to the Snake Pit.
 17179 | Lair:5   | Found a frozen archway.
 17260 | IceCv    | Entered an ice cave
 17764 | IceCv    | Noticed a frost giant
 17774 | IceCv    | Killed a frost giant
 17894 | IceCv    | Got an ivory halberd
 17895 | IceCv    | Identified the +7 halberd of Heedrag's Sudden Death {venom, +Inv rF++ Int+2 Dex-3} (You found it in an ice cave)
 18398 | Lair:5   | Found a staircase to the Swamp.
 18400 | Lair:5   | Offered knowledge of Bolt of Fire by Vehumet.
 18521 | Lair:5   | Learned a level 6 spell: Bolt of Fire
 19567 | Lair:6   | Found a runed door.
 19568 | Lair:6   | Found a viscous altar of Jiyva.
 19570 | Lair:6   | Found a staircase to the Slime Pits.
 19736 | Lair:6   | Reached skill level 16 in Conjurations
 19977 | Lair:7   | Noticed Maud
 20069 | Lair:7   | Gained mutation: You have very sharp teeth. [potion of beneficial mutation]
 20265 | Lair:6   | Reached XP level 14. HP: 80/80 MP: 19/33
 20307 | Lair:6   | Offered knowledge of Freezing Cloud by Vehumet.
 20336 | Lair:6   | Learned a level 6 spell: Freezing Cloud
 20530 | Lair:7   | Noticed Snorg
 20553 | Lair:7   | Killed Snorg
 21185 | Lair:8   | Entered Level 8 of the Lair of Beasts
 21194 | Lair:8   | Reached skill level 10 in Fire Magic
 21350 | Lair:8   | Noticed Josephine
 21354 | Lair:8   | Killed Josephine
 21354 | Lair:8   | Reached skill level 10 in Dodging
 21682 | Lair:8   | Offered knowledge of Iron Shot by Vehumet.
 22132 | Lair:8   | Got a transparent crystal amulet
 22144 | Lair:8   | Identified the amulet "Tuloag" {Spirit +Fly rC+ MR-} (You found it on level 8 of the Lair of Beasts)
 22361 | Lair:1   | Identified 2 scrolls of acquirement
 22362 | Lair:1   | Identified Fosedwo's Papyrus of the Blistering Birds (You acquired it on level 1 of the Lair of Beasts)
 22369 | Lair:1   | Learned a level 1 spell: Summon Butterflies
 22834 | Lair:8   | Reached skill level 1 in Evocations
 22918 | Lair:8   | Reached skill level 17 in Conjurations
 22920 | Lair:8   | Reached skill level 1 in Summonings
 23458 | Lair:7   | Killed Maud
 24258 | D:10     | Reached XP level 15. HP: 89/89 MP: 23/35
 24785 | D:11     | Noticed kraktruk's ghost (journeyman GrGl)
 24804 | D:11     | Killed kraktruk's ghost
 24966 | D:11     | Found a staircase to the Orcish Mines.
 25282 | Orc:1    | Entered Level 1 of the Orcish Mines
 25286 | Orc:1    | Offered knowledge of Delayed Fireball by Vehumet.
 25295 | Orc:1    | Learned a level 7 spell: Delayed Fireball
 25426 | Orc:1    | Reached ****** piety under Vehumet
 25894 | Orc:2    | Entered Level 2 of the Orcish Mines
 25935 | Orc:2    | Found a staircase to the Elven Halls.
 26023 | Orc:2    | Noticed an orc warlord
 26470 | Orc:2    | Offered knowledge of Spellforged Servitor by Vehumet.
 26546 | Orc:2    | Killed an orc warlord
 26659 | Orc:2    | Found Kunn's General Store.
 26714 | Orc:2    | Found Cicvakk's Jewellery Boutique.
 26757 | Orc:2    | Found Bailuthru's Antique Armour Shoppe.
 26933 | Orc:2    | Learned a level 7 spell: Spellforged Servitor
 26954 | Orc:2    | Found Iaepan's Incredible Inventory.
 27105 | Orc:2    | Found Ladatucka's Antique Weapon Shop.
 27893 | D:12     | Found Lourudos's Magic Scroll Shop.
 29239 | D:13     | Offered knowledge of Lehudib's Crystal Spear by Vehumet.
 29239 | D:13     | Offered knowledge of Fire Storm by Vehumet.
 29239 | D:13     | Offered knowledge of Chain Lightning by Vehumet.
 29731 | D:14     | Reached skill level 15 in Spellcasting
 29821 | D:14     | Noticed Louise
 29826 | D:14     | Killed Louise
 29826 | D:14     | Reached skill level 18 in Conjurations
 30022 | D:14     | Reached skill level 5 in Evocations
 30025 | D:14     | Found a gate to the Vaults.
 30133 | D:14     | Noticed a sphinx
 30139 | D:15     | Entered Level 15 of the Dungeon
 30268 | D:15     | Reached XP level 16. HP: 97/97 MP: 29/37
 30280 | D:15     | Reached skill level 10 in Fighting
 30769 | D:13     | Gained mutation: You have a pair of horns on your head. [mutagenic meat]
 30770 | D:13     | Lost mutation: You have a pair of horns on your head. [mutagenic meat]
 30771 | D:13     | Gained mutation: You have a somewhat thin skeletal structure (Dex +2, Stealth). [mutagenic meat]
 30773 | D:13     | Gained mutation: Your spells are a little harder to cast, but a little more powerful. [mutagenic meat]
 31033 | D:14     | Killed a sphinx
 31033 | D:14     | Reached skill level 5 in Summonings
 31111 | D:14     | Noticed a storm dragon
 31500 | D:14     | Identified the Compendium of Bile
 31573 | D:14     | Lost mutation: Your body sometimes deteriorates upon taking damage. [mutagenic meat]
 31639 | D:14     | Got an encrusted quarterstaff
 31640 | D:14     | Identified the +5 quarterstaff of Subjectivity {crush, Str+2} (You found it on level 14 of the Dungeon)
 31650 | D:14     | Killed a storm dragon
 31850 | D:14     | Got a steaming granite ring
 31869 | D:14     | Identified the ring "Nuockets" {rCorr +Inv MP+9 Dex+4 Stlth+} (You found it on level 14 of the Dungeon)
 32737 | D:15     | Found a staircase to the Depths.
 32957 | Elf:1    | Entered Level 1 of the Elven Halls
 34078 | Elf:1    | Reached skill level 19 in Conjurations
 34616 | Elf:2    | Reached XP level 17. HP: 93/104 MP: 37/38
 34993 | Elf:2    | Cast into level 2 of the Abyss (a deep elf sorcerer)
 35005 | Abyss:2  | Found an opulent altar of Gozag.
 35627 | Abyss:2  | Found a corrupted altar of Lugonu.
 35897 | Abyss:2  | Paralysed by accursed screaming for 1 turns
 35898 | Abyss:2  | HP: 4/104 [starcursed mass (14)]
 35901 | Abyss:2  | Paralysed by accursed screaming for 2 turns
 35903 | Abyss:2  | Killed from afar by a starcursed mass

Skill      XL: |  1  2  3  4  5  6  7  8  9 10 11 12 13 14 15 16 17 |
---------------+----------------------------------------------------+-----
Conjurations   | 5 6 7 8 10 11 12 14 15 16 17 18 19 | 19.3
Spellcasting   | 4 5 6 8 9 10 11 12 13 14 15 16 | 16.1
Charms         | 2 4 5 7 9 10 | 10.2
Fighting       | 1 3 4 5 6 8 9 11 | 11.5
Dodging        | 3 5 6 8 9 10 11 12 | 12.6
Fire Magic     | 3 5 8 9 10 | 10.0
Shields        | 2 4 |  4.0
Evocations     | 2 5 6 |  6.3
Summonings     | 2 4 6 7 |  7.3
Stealth        | |  2.4

Action                   |  1- 3 |  4- 6 |  7- 9 | 10-12 | 13-15 | 16-18 || total
-------------------------+-------+-------+-------+-------+-------+-------++-------
Melee: Unarmed           |     2 |       |       |       |       |       ||     2
       Spear             |     2 |       |       |       |       |       ||     2
       Dagger            |       |     5 |     1 |       |       |       ||     6
       Mace              |       |       |       |    10 |     6 |     8 ||    24
       Headbutt          |       |       |       |     1 |     1 |     1 ||     3
       Bite              |       |       |       |       |       |     2 ||     2
 Cast: Magic Dart        |    87 |   136 |   170 |   553 |   486 |     9 ||  1441
       Iskenderun's Myst |       |     4 |     2 |    71 |   365 |   277 ||   719
       Iskenderun's Batt |       |     1 |    26 |    94 |   168 |    64 ||   353
       Swiftness         |       |       |       |     1 |     2 |       ||     3
       Fireball          |       |       |       |     7 |    91 |    10 ||   108
       Bolt of Fire      |       |       |       |       |    33 |    40 ||    73
       Delayed Fireball  |       |       |       |       |     1 |       ||     1
  Use: Potion            |       |     4 |       |     8 |     4 |     3 ||    19
       Scroll            |       |       |     1 |    11 |     8 |     6 ||    26
  Eat: Chunk             |     3 |     9 |    19 |    42 |    61 |    15 ||   149
       Pizza             |       |       |     1 |     1 |       |       ||     2
       Fruit             |       |       |       |     2 |     1 |     1 ||     4
       Meat ration       |       |       |       |     1 |       |     3 ||     4
       Beef jerky        |       |       |       |       |     3 |     1 ||     4
Armor: Robe              |     7 |     3 |    10 |    59 |    48 |    24 ||   151
Dodge: Dodged            |    18 |    24 |    19 |   127 |   134 |    92 ||   414
Block: Buckler           |       |       |       |     9 |    46 |    31 ||    86
